 Dungeon Crawl Stone Soup version 0.19.0-2-gae57169 (webtiles) character file.

483 Chiseanne the Skirmisher (level 7, -3/50 HPs)
             Began as an Octopode Warper on Nov 5, 2016.
             Was an Initiate of Gozag.
             Slain by a scorpion (5 damage)
             ... on level 5 of the Dungeon.
             The game lasted 00:09:25 (4464 turns).

Chiseanne the Skirmisher (Octopode Warper)          Turns: 4464, Time: 00:09:25

Health: -3/50      AC:  1    Str: 10    XL:     7   Next: 12%
Magic:  10/10      EV: 16    Int: 15    God:    Gozag
Gold:   224        SH:  0    Dex: 14    Spells: 0 memorised, 10 levels left

rFire  . . .     SeeInvis .     a - +5 short sword (distort)
rCold  . . .     Gourm    .     (no shield)
rNeg   . . .     Faith    .     (helmet restricted)
rPois  .         Spirit   .     v - amulet of regeneration
rElec  .         Reflect  .     (no ring)
rCorr  .         Harm     .     (no ring)
MR     .....                    (no ring)
Stlth  ++........               (no ring)
                                (no ring)
                                (no ring)
                                (no ring)
                                (no ring)

@: no status effects
A: almost no armour, stealthy swim, amphibious, 8 rings, constrict 8, camouflage
1, gelatinous body 1
a: Potion Petition, Call Merchant, Bribe Branch, Renounce Religion


You were on level 5 of the Dungeon.
You worshipped Gozag.
Gozag was aware of your devotion.
You were not hungry.

You visited 2 branches of the dungeon, and saw 6 of its levels.

You collected 262 gold pieces.
You paid 38 gold pieces to Gozag.

Inventory:

Hand Weapons
 a - a +5 short sword of distortion (weapon)
Missiles
 d - 3 tomahawks of dispersal (quivered)
 i - 148 stones
 j - 6 javelins
 l - 5 tomahawks
 n - 44 sling bullets
 r - 7 poisoned needles
 t - 69 arrows
Jewellery
 v - an amulet of regeneration (around mantle)
Scrolls
 c - a scroll of blinking
 e - 2 scrolls of identify
 k - a scroll of immolation
 m - a scroll of amnesia
 p - a scroll of teleportation
 u - 2 scrolls of remove curse
Potions
 q - a potion of haste {unknown}
 s - a potion of mutation
Books
 b - a book of Spatial Translocations

   Spells                             Type                      Level
   a - Blink                          Translocation                2
   b - Shroud of Golubria             Charms/Translocation         2
   c - Lesser Beckoning               Translocation                3
   d - Portal Projectile              Translocation                3
   e - Teleport Other                 Translocation                3
   f - Passage of Golubria            Translocation                4
Comestibles
 f - 5 bread rations
 h - 3 fruits
 o - 2 meat rations


   Skills:
 * Level 5.6 Fighting
 - Level 2.0 Short Blades
 - Level 1.0 Throwing
 * Level 5.4 Dodging
 - Level 2.0 Spellcasting
   Level 3.0 Translocations


You had 10 spell levels left.
You didn't know any spells.

Dungeon Overview and Level Annotations

Branches:
Dungeon (5/15)             Temple (1/1) D:4

Altars:
Ashenzari
Cheibriados
Dithmenos
Elyvilon
Fedhas
Gozag
Hepliaklqana
Kikubaaqudgha
Makhleb
Nemelex Xobeh
Ru
Sif Muna
Trog
Uskayaw
Vehumet
Xom
Yredelemnul
Zin
The Shining One

Shops:
D:4 }


Innate Abilities, Weirdness & Mutations

You cannot wear most types of armour.
You are very stealthy in the water. (Stealth+)
You are amphibious.
You can wear up to eight rings at the same time.
You can use your tentacles to constrict eight enemies at once.
Your skin changes colour to match your surroundings (Stealth+).
Your rubbery body absorbs attacks. (AC +1, EV +1)


Message History

The centaur blinks!
The scorpion stings you.
The centaur wields an uncursed shortbow.
The centaur shoots an arrow.
The arrow misses you.
You barely miss the scorpion. You grab the scorpion.
The scorpion is heavily wounded.
You constrict the scorpion, but do no damage.
The centaur shoots an arrow.
The arrow hits you!
* * * LOW HITPOINT WARNING * * *
The scorpion misses you.
You release your grip on the scorpion.
The centaur shoots an arrow.
The arrow hits you.
* * * LOW HITPOINT WARNING * * *
You see here an arrow.
You feel better. The scorpion stings you.
* * * LOW HITPOINT WARNING * * *
The centaur shoots an arrow.
The arrow hits you!
* * * LOW HITPOINT WARNING * * *
The scorpion stings you.
You die...
Your body crumbles into a pile of gold.

...#########'#........
..................####
..................# ..#
..................# ..#
................c.+ c..#
..................# ..#
#####.....######(####..###.
#.....# #(s..........
#.....+ #(@..........
#.....# #..(.(.......
#...[.######)..........
########....>..#...........
.......#.......#...........
.<.....#.......#...........
.......#.......######+#####
.......)........
.......#........


You could see a centaur and a scorpion.

Vanquished Creatures
  An ogre (D:4)
  A howler monkey (D:4)
  2 hounds (D:5)
  A bullfrog skeleton (D:4)
  Crazy Yiuf (D:2)
  Ijyb (D:2)
  An orc wizard (D:5)
  A killer bee zombie (D:5)
  A worker ant zombie (D:3)
  A gnoll (D:1)
  3 adders
  An ooze (D:1)
  2 worms
  4 dart slugs
  3 leopard geckos
  4 orcs
  3 ball pythons
  2 bats (D:3)
  2 giant cockroaches (D:3)
  11 goblins
  7 hobgoblins
  7 jackals
  2 quokkas
  5 frilled lizards
  6 kobolds
  A leopard gecko skeleton (D:4)
  A quokka skeleton (D:4)
  39 rats
114 creatures vanquished.

Vanquished Creatures (others)
  A goblin (D:2)
  4 toadstools (D:1)
5 creatures vanquished.

Grand Total: 119 creatures vanquished

Notes
Turn   | Place    | Note
-------+----------+-------------------------------------------
     0 | D:1      | Chiseanne the Octopode Warper began the quest for the Orb.
     0 | D:1      | Reached XP level 1. HP: 14/14 MP: 3/3
   118 | D:1      | Reached XP level 2. HP: 13/19 MP: 5/5
   905 | D:1      | Reached XP level 3. HP: 20/25 MP: 6/6
  1502 | D:2      | Reached XP level 4. HP: 25/31 MP: 7/7
  1818 | D:2      | Noticed Ijyb
  1828 | D:2      | Killed Ijyb
  1936 | D:2      | Reached XP level 5. HP: 31/37 MP: 8/8
  2319 | D:2      | Found a deep blue altar of Sif Muna.
  2350 | D:2      | Found a runed door.
  2810 | D:2      | Noticed Crazy Yiuf
  2813 | D:2      | Killed Crazy Yiuf
  3375 | D:3      | Found a faded altar of an unknown god.
  3815 | D:4      | Found a staircase to the Ecumenical Temple.
  3838 | Temple   | Entered the Ecumenical Temple
  3845 | Temple   | Became a worshipper of Gozag Ym Sagoz the Greedy
  3873 | D:4      | Noticed an ogre
  3882 | D:4      | Killed an ogre
  3882 | D:4      | Reached skill level 5 in Fighting
  3882 | D:4      | Reached XP level 6. HP: 45/45 MP: 9/9
  3961 | D:4      | Found Zinuasab's Gadget Shoppe.
  3992 | D:4      | Reached skill level 5 in Dodging
  4197 | D:5      | Entered Level 5 of the Dungeon
  4315 | D:5      | Reached XP level 7. HP: 50/50 MP: 10/10
  4463 | D:5      | HP: 1/50 [centaur/arrow (14)]
  4464 | D:5      | Slain by a scorpion

Skill      XL: |  1  2  3  4  5  6 |
---------------+-------------------+-----
Dodging        | 3 4 5 |  5.4
Fighting       | 3 5 |  5.6
Short Blades   | |  2.0
Throwing       | |  1.0
Spellcasting   | |  2.0
Translocations | |  3.0

Action                   |  1- 3 |  4- 6 |  7- 9 || total
-------------------------+-------+-------+-------++-------
Melee: Short sword       |    51 |   160 |    13 ||   224
       Constrict         |    12 |    45 |     5 ||    62
       Tentacles         |    11 |    25 |     1 ||    37
Throw: Tomahawk          |       |     2 |       ||     2
  Use: Scroll            |       |    13 |       ||    13
       Potion            |       |       |     1 ||     1
 Stab: Sleeping          |     5 |    10 |     2 ||    17
  Eat: Chunk             |     2 |     7 |       ||     9
       Pizza             |       |     2 |       ||     2
       Beef jerky        |       |     1 |       ||     1
Armor: Skin              |     2 |     6 |       ||     8
Dodge: Dodged            |    25 |    92 |    10 ||   127
